 Dungeon Crawl Stone Soup version 0.31.0-1-g2c135a008e (webtiles) character file.

Game seed: 142937416542831519

46 qw the Shooter (level 3, -6/28 HPs)
             Began as a Djinni Hunter on Jan 24, 2024.
             Mangled by Terence
             ... wielding a +0 trident
              (8 damage)
             ... on level 2 of the Dungeon.
             The game lasted 00:00:03 (884 turns).

qw the Shooter (Djinni Hunter)                       Turns: 884, Time: 00:00:03

Health: -6/28      AC:  5    Str: 10    XL:     3   Next: 92%
Gold:   104        EV: 11    Int: 10    God:
                   SH:  0    Dex: 18

rFire   + + .        a - +0 shortbow
rCold   x . .        (shield currently unavailable)
rNeg    . . .        g - +0 ring mail
rPois   inf          (no helmet)
rElec   .            (no cloak)
rCorr   .            (no gloves)
SInv    .            (boots unavailable)
Will    .....        (no amulet)
Stlth   +            (no ring)
HPRegen 0.24/turn    (no ring)
MPRegen 0.00/turn

%: infuse magic (-7 HP)
@: flying
A: sickness immunity, fire resistance 2, cold vulnerability 1, float, innate
caster, HP casting, extra vitality 1
a: no special abilities


You were on level 2 of the Dungeon.
You visited 1 branch of the dungeon, and saw 2 of its levels.

You collected 104 gold pieces.


Innate Abilities, Weirdness & Mutations

You are immune to sickness and miasma.
You are immune to poison.
Your flesh is very heat resistant. (rF++)
You are vulnerable to cold. (rC-)
You float through the air rather than walking.
You learn spells naturally, not from books.
Your magical power is your life essence.
You have superior vitality. (+4 MHP)


   Skills:
 + Level 2.2 Fighting
 - Level 4.0 Ranged Weapons
 - Level 1.3 Armour
 - Level 2.1 Dodging
 - Level 0.7 Stealth


You knew the following spells:

 Your Spells              Type           Power      Damage    Failure   Level
a - Necrotise             Necr           0%         1d4       67%         1
Your spell library was empty.

Inventory:

Hand Weapons
 a - a +0 shortbow (weapon)
Armour
 g - a +0 ring mail (worn)
Scrolls
 b - 2 scrolls of identify {unknown}
 d - a scroll of torment {unknown}
Potions
 c - a potion of mutation {unknown}
 e - a potion of curing {unknown}
 f - a potion of heal wounds {unknown}

Dungeon Overview and Level Annotations

Branches:
Dungeon (2/15)

Altars:
Xom

Shops:
D:1 (

Annotations:
D:2 Terence


Message History

Terence is lightly wounded.
Terence closely misses you.
You shoot an arrow.
The arrow hits Terence but does no damage.
Terence is lightly wounded.
Terence misses you.
You shoot an arrow.
The arrow hits Terence but does no damage.
Terence is lightly wounded.
Terence hits you from afar with a +0 trident.
Terence hits you but does no damage.
You shoot an arrow. The arrow barely misses Terence.
Terence closely misses you.
You shoot an arrow. The arrow hits Terence.
Terence is moderately wounded.
Terence hits you from afar with a +0 trident!
You shoot an arrow. The arrow barely misses Terence.
Terence hits you from afar with a +0 trident.
Terence barely misses you.
You shoot an arrow. The arrow barely misses Terence.
Terence closely misses you.
You shoot an arrow.
The arrow hits Terence but does no damage.
Terence is moderately wounded.
Terence misses you.
You shoot an arrow.
The arrow hits Terence but does no damage.
Terence is moderately wounded.
Terence hits you from afar with a +0 trident!
Terence misses you.
You shoot an arrow. The arrow closely misses Terence.
Terence hits you from afar with a +0 trident!
You shoot an arrow.
The arrow hits Terence but does no damage.
Terence is moderately wounded.
Terence barely misses you.
You shoot an arrow. The arrow closely misses Terence.
Terence hits you from afar with a +0 trident!
You die...
Terence says, "That felt goooood."

####.......(.#..#.....<# .
####.#..............#...
##.........#....#......
######......................
....^........#[....#.####...
...).#######.......#.## ..
.......# ###..#..%..## #
.......# ###...##......
##.._..# #...#.@..#....
#.....####.####.####....
#.....##...# .@# #....
##.#.#...### #.## ..
#...#.### #. ####....# #.
.)...#### #. ....#### #.
.......# ######.####


You could see Terence.

Vanquished Creatures
  An adder (D:2)
  3 dart slugs
  4 endoplasms
  2 giant cockroaches (D:1)
  2 hobgoblins
  3 kobolds
  2 quokkas (D:1)
  4 ball pythons
  4 bats
  2 frilled lizards (D:1)
  A goblin (D:1)
  3 rats (D:1)
31 creatures vanquished.

Notes
Turn   | Place    | Note
-------+----------+-------------------------------------------
     0 | D:1      | qw the Djinni Hunter began the quest for the Orb.
     0 | D:1      | Reached XP level 1. HP: 18/18 MP: 0/0
     0 | D:1      | 0 ||| qw: Version: 0.3-a-136-gdd3b4e8
     0 | D:1      | 0 ||| qw: Game counter: 1228
     0 | D:1      | 0 ||| qw: Melee chars always use a shield: true
     0 | D:1      | 0 ||| qw: God list: Okawaru
     0 | D:1      | 0 ||| qw: Allow faded altars: false
     0 | D:1      | 0 ||| qw: Do Orc after clearing Dungeon:15 true
     0 | D:1      | 0 ||| qw: Do second Lair branch before Depths: true
     0 | D:1      | 0 ||| qw: Lair rune preference: random
     0 | D:1      | 0 ||| qw: Goals: Normal
     0 | D:1      | 0 ||| PLANNING D:1-11
    28 | D:1      | Reached XP level 2. HP: 23/23 MP: 0/0
    80 | D:1      | Found Notieg's Antique Weapon Shoppe.
    83 | D:1      | 83 ||| SHOPLISTING glowing shortbow (120 gold, have 29).
   328 | D:1      | Reached XP level 3. HP: 28/28 MP: 0/0
   328 | D:1      | Learned a level 1 spell: Necrotise
   329 | D:1      | Reached skill level 4 in Ranged Weapons
   488 | D:1      | 488 ||| UPGRADING to +0 ring mail.
   498 | D:1      | 498 ||| DROPPING +0 leather armour.
   499 | D:1      | 499 ||| READING scroll labelled KOBERA HETOUH.
   500 | D:1      | 500 ||| DROPPING scroll of butterflies.
   546 | D:2      | Found a faded altar of an unknown god.
   669 | D:2      | Found a shimmering altar of Xom.
   835 | D:2      | Reached skill level 1 in Armour
   870 | D:2      | Noticed Terence
   882 | D:2      | HP: 1/28 [Terence/+0 trident (8)]
   884 | D:2      | Mangled by Terence

Levels and vault maps discovered:
D:1:      ebering_trefoil_3fold, layout_basic, serial_shops,
          nicolae_shop_tiny_real_fake_doors, corexii_leaking_fountain
D:2:      layout_rooms, dreamdust_ecumenical_altar_statues, basic_altar,
          serial_corexii_hall, corexii_hall_statues_s, corexii_hall_statues_l,
          uniq_terence

Skill      XL: |  1  2  3 |
---------------+----------+-----
Ranged Weapons | 4 |  4.0
Armour         | 1 |  1.3
Fighting       | |  2.2
Dodging        | |  2.1
Stealth        | |  0.7

Action                     || total
---------------------------++-------
   Fire: Shortbow          ||    80
    Use: Scroll            ||     1
 Armour: Leather armour    ||     8
         Ring mail         ||    13
  Dodge: Dodged            ||    15

Table legend:
 A = Non-vault XP
 B = Vault XP
 C = Vault XP percentage of total XP
 D = Non-vault monster count
 E = Vault monster count
 F = Vault count percentage of total count
                 A         B        C        D         E       F
            +---------+---------+-------+---------+---------+-------
      Total |      66 |       0 |   0.0 |      31 |       0 |   0.0
            +---------+---------+-------+---------+---------+-------
        D:1 |      38 |       0 |   0.0 |      23 |       0 |   0.0
        D:2 |      28 |       0 |   0.0 |       8 |       0 |   0.0
            +---------+---------+-------+---------+---------+-------
